 Dungeon Crawl Stone Soup version 0.31-a0-232-gb1c03b2570 (webtiles) character file.

Game seed: 5865485258297786341

10328 Armakuni the Caregiver (level 11, -1/79 HPs)
             Began as a Human Artificer on July 2, 2023.
             Was a Believer of Elyvilon.
             Slain by a yak (8 damage)
             ... on level 11 of the Dungeon on July 8, 2023.
             The game lasted 00:34:15 (10064 turns).

Armakuni the Caregiver (Human Artificer)           Turns: 10064, Time: 00:34:15

Health: -1/79      AC: 13    Str: 16    XL:     11   Next: 90%
Magic:  20/20      EV: 11    Int: 12    God:    Elyvilon [**....]
Gold:   235        SH:  0    Dex: 23    Spells: 6/10 levels left

rFire   . . .        a - +6 quarterstaff of Youthful Indiscretion {spect, rPois rCorr Dex+3}
rCold   + . .        (shield currently unavailable)
rNeg    . . .        l - +3 scale mail {rPois}
rPois   +            p - +0 helmet
rElec   .            F - scarf {repulsion}
rCorr   +            w - +1 pair of gloves
SInv    .            (no boots)
Will    .....        (no amulet)
Stlth   +            J - ring of protection from cold
HPRegen 0.33/turn    D - +6 ring of dexterity
MPRegen 0.17/turn

%: repel missiles
@: no status effects
A: no striking features
a: Renounce Religion, Purification, Heal Other


You were on level 11 of the Dungeon.
You worshipped Elyvilon.
Elyvilon was pleased with you.
You visited 2 branches of the dungeon, and saw 12 of its levels.

You collected 467 gold pieces.
You spent 232 gold pieces at shops.

Inventory:

Hand Weapons
 a - the +6 quarterstaff of Youthful Indiscretion (weapon) {spect, rPois rCorr Dex+3}
   (You found it on level 11 of the Dungeon)

   Dex:       It affects your dexterity (+3).
   rPois:     It protects you from poison.
   rCorr:     It protects you from acid and corrosion.
 b - a +2 whip of venom
 j - a +6 flail of draining
Missiles
 o - 3 atropa-tipped darts
 s - 16 boomerangs
 u - 4 curare-tipped darts
 E - a silver boomerang
Armour
 c - +0 acid dragon scales
 l - a +3 scale mail of poison resistance (worn)
 p - a +0 helmet (worn)
 w - a +1 pair of gloves (worn)
 F - a scarf of repulsion (worn)
Jewellery
 B - a ring of protection from cold
 D - a +6 ring of dexterity (right hand)
 I - a +6 ring of intelligence
 J - a ring of protection from cold (left hand)
Wands
 q - a wand of digging (2)
 v - a wand of flame (15) (quivered)
 x - a wand of polymorph (7)
 C - a wand of paralysis (5)
Scrolls
 d - a scroll of fog
 y - a scroll of teleportation
 A - a scroll of vulnerability
Potions
 e - a potion of resistance
 f - 2 potions of invisibility
 h - a potion of mutation
 i - 9 potions of curing
 k - 4 potions of haste
 m - a potion of berserk rage {unknown}
 n - 2 potions of enlightenment
 r - a potion of brilliance
 z - 2 potions of might


   Skills:
 - Level 5.0 Fighting
 - Level 6.8(9.0) Maces & Flails
 + Level 9.1(10.2) Staves
 - Level 5.0 Armour
 - Level 3.0 Dodging
 - Level 1.0 Stealth
 - Level 12.0 Invocations
 - Level 5.0 Evocations


You had 6 spell levels left.
You knew the following spells:

 Your Spells              Type           Power      Damage    Failure   Level
s - Sublimation of Blood  Necr           0%         N/A       86%         2
w - Wereblood             Tmut           0%         N/A       86%         2

Your spell library contained the following spells:

 Spells                   Type           Power      Damage    Failure   Level
 Sting                    Tmut/Pois      0%         1d3       73%         1
 Blink                    Tloc           0%         N/A       86%         2
 Lesser Beckoning         Tloc           0%         N/A       86%         2
 Momentum Strike          Conj/Tloc      0%         3d8       86%         2
 Poisonous Vapours        Pois/Air       0%         N/A       86%         2
 Scorch                   Fire           0%         2d5       86%         2
 Gell's Gravitas          Tloc           0%         N/A       97%         3
 Ozocubu's Armour         Ice            0%         N/A       97%         3
 Teleport Other           Tloc           0%         N/A       97%         3
 Flame Wave               Conj/Fire      0%         2d4       100%        4
 Leda's Liquefaction      Hex/Erth       0%         N/A       100%        4
 Olgreb's Toxic Radiance  Pois           0%         N/A       100%        4
 Alistair's Intoxication  Tmut/Pois      0%         N/A       100%        5
 Borgnjor's Vile Clutch   Necr/Erth      0%         N/A       100%        5
 Lee's Rapid Deconstruct  Erth           0%         3d4*      100%        5
 Dispersal                Tloc           0%         N/A       100%        6
 Eringya's Noxious Bog    Tmut/Pois      0%         4d6       100%        6
 Leda's Unmaking          Conj/Erth      0%         9d1       100%        6
 Statue Form              Tmut/Erth      0%         N/A       100%        6
 Summon Cactus Giant      Summ           0%         N/A       100%        6
 Ozocubu's Refrigeration  Ice            0%         4d7       100%        7
 Summon Hydra             Summ           0%         N/A       100%        7


Dungeon Overview and Level Annotations

Branches:
Dungeon (12/15)            Temple (1/1) D:4
   Lair: D:8-11         Orc: D:9-12

Altars:
Ashenzari
Cheibriados
Dithmenos
Elyvilon
Fedhas
Gozag
Hepliaklqana
Kikubaaqudgha
Makhleb
Nemelex Xobeh
Okawaru
Qazlal
Ru
Sif Muna
Trog
Uskayaw
Vehumet
Wu Jian
Xom
Yredelemnul
Zin
The Shining One

Shops:
D:8 [

Annotations:
D:8 Gastronok


Message History

The yak is lightly wounded.
Your +6 quarterstaff of Youthful Indiscretion {spect, rPois rCorr Dex+3} hits the yak!
The yak gores you but does no damage.
You closely miss the yak.
The yak is moderately wounded.
Your +6 quarterstaff of Youthful Indiscretion {spect, rPois rCorr Dex+3} hits the yak.
You catch the helpless yak completely off-guard!
You sock the yak!
The yak is almost dead.
Your +6 quarterstaff of Youthful Indiscretion {spect, rPois rCorr Dex+3} hits the yak.
You kill the yak!
The yaktaur shoots a bolt.
The bolt hits your +6 quarterstaff of Youthful Indiscretion {spect, rPois rCorr Dex+3}!!
Your spectral weapon shares its damage with you!
Your +6 quarterstaff of Youthful Indiscretion {spect, rPois rCorr Dex+3} disappears.
* * * LOW HITPOINT WARNING * * *
The yak closely misses you.
The yaktaur unwields a +0 arbalest.
The yaktaur completely misses you.
Okay, then.
Unknown command.
As you read the scroll of teleportation, it crumbles to dust.
You feel strangely unstable. The yak gores you!
Elyvilon protects you from harm! The yak attacks as you move away!
The yak gores you.
* * * LOW HITPOINT WARNING * * *
The yak attacks as you move away! The yak gores you.
* * * LOW HITPOINT WARNING * * *
Your surroundings seem slightly different.
The yak barely misses you. The yaktaur hits you!
Elyvilon protects you from harm!
You thump the yak!
The yak is moderately wounded.
Your +6 quarterstaff of Youthful Indiscretion {spect, rPois rCorr Dex+3} hits the yak!
The yak misses your +6 quarterstaff of Youthful Indiscretion {spect, rPois rCorr Dex+3}.
You strike the helpless yak from behind!
You hit the yak.
The yak is heavily wounded.
Your +6 quarterstaff of Youthful Indiscretion {spect, rPois rCorr Dex+3} hits the yak!
The yaktaur barely misses you. The yak gores you!
You die...

.................# #.......#
.................# #....<.[#
.................# ........#
.................# #.......#
.................# #.......#
................ยง###...!.....
...............[.#.)...#
...........)...(Y#.#
)........)......@c.#
.................###
.................#
.................#
........)........#
........###....>.# ####....#
##.....# #....# ####### ####.#


You could see a yaktaur, a yak and a friendly +6 quarterstaff of Youthful
Indiscretion {spect, rPois rCorr Dex+3}.

Vanquished Creatures
  A slime creature (D:9)
  2 two-headed ogres
  A rust devil (D:5)
  2 yaktaurs (D:11)
  A troll (D:11)
  7 yaks
  A vampire (D:11)
  Sigmund (D:2)
  A wyvern (D:8)
  Edmund (D:5)
  An acid dragon (D:9)
  Duvessa (D:5)
  4 orc warriors
  An ice beast (D:6)
  4 sky beasts
  A black bear (D:6)
  An ogre (D:6)
  4 centaurs (D:11)
  2 phantoms (D:6)
  2 kobold brigands
  3 bullfrogs
  3 scorpions
  2 gnoll sergeants
  Dowan (D:5)
  12 killer bees
  A howler monkey (D:6)
  3 crimson imps (D:6)
  6 orc priests
  4 hounds
  A gnoll bouda (D:9)
  3 iguanas (D:6)
  Terence (D:2)
  9 orc wizards
  Robin (D:2)
  14 gnolls
  9 adders
  A shadow imp (D:5)
  A white imp (D:5)
  2 ufetubi
  2 worms
  3 dart slugs
  34 orcs
  9 ball pythons
  5 bats
  7 endoplasms
  8 giant cockroaches
  14 goblins
  8 hobgoblins
  18 kobolds
  2 quokkas (D:1)
  A frilled lizard (D:3)
  2 rats
229 creatures vanquished.

Vanquished Creatures (collateral kills)
  A rust devil (D:5)
1 creature vanquished.

Vanquished Creatures (others)
  A two-headed ogre (D:11)
  Psyche (D:8)
  A wyvern (D:8)
  6 yaks
  A water moccasin (D:7)
  An orc warrior (D:5)
  A centaur (D:11)
  A bullfrog (D:7)
  2 killer bees (D:9)
  An orc wizard (D:7)
  A white imp (D:7)
  An orc (D:7)
  2 kobolds (D:7)
  A spectral weapon (D:11)
21 creatures vanquished.

Grand Total: 251 creatures vanquished

Notes
Turn   | Place    | Note
-------+----------+-------------------------------------------
     0 | D:1      | Armakuni the Human Artificer began the quest for the Orb.
     0 | D:1      | Reached XP level 1. HP: 15/15 MP: 1/1
    61 | D:1      | Reached skill level 1 in Maces & Flails
    98 | D:1      | Reached XP level 2. HP: 14/21 MP: 2/2
   439 | D:1      | Reached XP level 3. HP: 21/26 MP: 3/3
   907 | D:2      | Noticed Sigmund
   912 | D:2      | Killed Sigmund
   913 | D:2      | Reached skill level 5 in Maces & Flails
   913 | D:2      | Reached XP level 4. HP: 32/32 MP: 4/4
   913 | D:2      | Reached XP level 5. HP: 37/37 MP: 5/5
   924 | D:2      | Noticed Terence
   927 | D:2      | Killed Terence
   928 | D:2      | Reached XP level 6. HP: 40/44 MP: 6/6
  1023 | D:2      | Learned a level 2 spell: Wereblood
  1026 | D:2      | Learned a level 2 spell: Sublimation of Blood
  1118 | D:2      | Noticed Robin
  1162 | D:2      | Killed Robin
  2170 | D:3      | Reached skill level 1 in Staves
  2170 | D:3      | Reached XP level 7. HP: 51/52 MP: 7/7
  2577 | D:3      | Found a shadowy altar of Dithmenos.
  2838 | D:3      | Found a glowing silver altar of Zin.
  2940 | D:3      | Found a faded altar of an unknown god.
  3073 | D:4      | Found a broken altar of Ashenzari.
  3129 | D:4      | Reached skill level 5 in Fighting
  3290 | D:4      | Found a hide-covered altar of Uskayaw.
  3325 | D:4      | Found a staircase to the Ecumenical Temple.
  3349 | Temple   | Entered the Ecumenical Temple
  3368 | Temple   | Became a worshipper of Elyvilon the Healer
  3876 | D:5      | Entered Level 5 of the Dungeon
  3879 | D:5      | Reached * piety under Elyvilon
  3888 | D:5      | Noticed Edmund
  3895 | D:5      | Killed Edmund
  3896 | D:5      | Reached skill level 2 in Invocations
  3896 | D:5      | Reached XP level 8. HP: 45/62 MP: 7/9
  4154 | D:5      | Found a stormy altar of Qazlal.
  4158 | D:5      | Found a blossoming altar of Fedhas.
  4474 | D:5      | Noticed Duvessa
  4480 | D:5      | Noticed Dowan
  4489 | D:5      | Killed Duvessa
  4496 | D:5      | Killed Dowan
  4684 | D:5      | Found an opulent altar of Gozag.
  4911 | D:6      | Reached ** piety under Elyvilon
  4956 | D:6      | Reached skill level 3 in Invocations
  5139 | D:6      | Reached skill level 4 in Invocations
  5146 | D:6      | Reached XP level 9. HP: 67/68 MP: 10/12
  5152 | D:6      | Reached skill level 5 in Invocations
  5237 | D:5      | Noticed a rust devil
  5237 | D:5      | Noticed a rust devil
  5247 | D:5      | Killed a rust devil
  5248 | D:5      | Reached skill level 7 in Invocations
  5276 | D:5      | Killed a rust devil
  5277 | D:5      | Reached skill level 8 in Invocations
  5535 | D:6      | Reached skill level 9 in Invocations
  5643 | D:6      | Found a shimmering altar of Xom.
  6169 | D:7      | Reached XP level 10. HP: 73/74 MP: 14/17
  6172 | D:7      | Reached skill level 10 in Invocations
  6317 | D:7      | Reached skill level 5 in Evocations
  6587 | D:7      | Reached *** piety under Elyvilon
  6738 | D:7      | Found a snail-covered altar of Cheibriados.
  6906 | D:8      | Noticed Gastronok
  6993 | D:8      | Found Kylaimam's Antique Armour Boutique.
  7006 | D:8      | Noticed Psyche
  7013 | D:8      | Pacified Psyche
  7020 | D:8      | Killed Psyche
  7280 | D:8      | Reached skill level 5 in Armour
  7550 | D:8      | Found a sparkling altar of Nemelex Xobeh.
  8142 | D:8      | Bought a runed scarf for 232 gold pieces
  8339 | D:9      | Reached skill level 11 in Invocations
  8801 | D:9      | Reached XP level 11. HP: 66/79 MP: 19/19
  8915 | D:9      | Noticed a two-headed ogre
  8920 | D:9      | Killed a two-headed ogre
  8921 | D:9      | Reached skill level 12 in Invocations
  9100 | D:9      | Upgraded the game from 0.31-a0-217-g58bb5d79cf to
                  | 0.31-a0-232-gb1c03b2570
  9278 | D:9      | Reached skill level 5 in Staves
  9613 | D:9      | Found an iron altar of Okawaru.
  9704 | D:9      | You fall into a shaft and drop 3 floors!
  9893 | D:11     | Found an ancient bone altar of Kikubaaqudgha.
  9912 | D:11     | Noticed a two-headed ogre
  9928 | D:11     | Noticed a two-headed ogre
  9930 | D:11     | Killed a two-headed ogre
  9933 | D:11     | Noticed a boulder beetle
  9934 | D:11     | Pacified a boulder beetle
  9934 | D:11     | HP: 1/79 [yaktaur/bolt (28)]
  9996 | D:11     | HP: 1/79 [two-headed ogre/+0 giant spiked club (3)]
  9998 | D:11     | Killed a two-headed ogre
 10018 | D:11     | Identified the +6 quarterstaff of Youthful Indiscretion
                  | {spect, rPois rCorr Dex+3}
 10060 | D:11     | Elyvilon protects you from harm!
 10062 | D:11     | Elyvilon protects you from harm!
 10064 | D:11     | Slain by a yak

Illustrated notes

Levels and vault maps discovered:
D:1:      scummos_arrival_simple_fountains, layout_basic
D:2:      layout_basic, uniq_sigmund, uniq_robin, uniq_terence
D:3:      layout_basic, zin_treasury, marbit_many_paths,
          dilly_ecumenical_altar_fadedgnrine
D:4:      layout_loops_ring, nicolae_ashenzari_skybound,
          overflow_temple_1_default, minmay_temple_entry_statues, serial_glass,
          glass_columns_b, glass_columns_a, minivault_4,
          kennysheep_generic_room_10
D:5:      cheibrodos_iron_armory, layout_loops_ring,
          grunt_temple_overflow_forces_of_nature,
          nicolae_overflow_crystal_walls, uniq_edmund, uniq_duvessa
D:6:      layout_loops_ring, led_xom_imps
D:7:      layout_cave_pools, kennysheep_mini_moat, chequers_serial_rivers_room_a
D:8:      layout_loops_ring, nemelex_spade_bored_becter, serial_shops,
          nicolae_take_the_stairs, uniq_psyche, uniq_gastronok
D:9:      layout_basic, kennysheep_little_box
D:11:     layout_basic, ebering_ghost_disaster_area,
          nicolae_kikubaaqudgha_miasma_corner
D:12:     layout_roguey, david_orc_3, serial_shops, shop, uniq_rupert
Temple:   minmay_freezing_vapour_temple

Skill      XL: |  1  2  3  4  5  6  7  8  9 10 11 |
---------------+----------------------------------+-----
Maces & Flails | 1 2 5 6 |  6.8
Fighting       | 2 3 5 |  5.0
Dodging        | 2 3 |  3.0
Staves         | 1 9 |  9.1
Invocations    | 2 4 9 11 12 | 12.0
Evocations     | 5 |  5.0
Armour         | 5 |  5.0
Stealth        | |  1.0

Action                     |  1- 3 |  4- 6 |  7- 9 | 10-12 || total
---------------------------+-------+-------+-------+-------++-------
  Melee: Whip              |   107 |     3 |       |    18 ||   128
         Punch             |     1 |     1 |     6 |     2 ||    10
         Flail             |       |    99 |   255 |   501 ||   855
         Quarterstaff      |       |    18 |    17 |    33 ||    68
         Dagger            |       |       |    84 |       ||    84
 Invoke: Heal Other        |       |       |     1 |    12 ||    13
         Heal Self         |       |       |       |     6 ||     6
         Purification      |       |       |       |     1 ||     1
  Evoke: Wand              |     6 |    13 |    25 |    28 ||    72
    Use: Scroll            |     2 |     6 |     7 |     6 ||    21
         Potion            |       |       |     2 |     4 ||     6
   Stab: Sleeping          |     5 |       |       |       ||     5
         Paralysed         |       |       |     8 |    34 ||    42
         Distracted        |       |       |       |     2 ||     2
 Armour: Leather armour    |    26 |     2 |       |       ||    28
         Scale mail        |       |    62 |   189 |   387 ||   638
  Dodge: Dodged            |    64 |    64 |   178 |   360 ||   666
         Repelled          |       |       |       |     3 ||     3

Table legend: (Time is in decaauts)
 A = Elapsed time spent in this place.
 B = Non-inter-level travel time spent in this place.
 C = Inter-level travel time spent in this place.
 D = Time resting spent in this place.
 E = Time spent auto-exploring this place.
 F = Levels seen in this place.
 G = Mean time per level.
                   A        B        C        D        E       F      G
               +--------+--------+--------+--------+--------+-----+--------+
         Total |  10112 |   9739 |    373 |   1203 |   5786 |  12 |  842.7 |
       Dungeon |  10088 |   9719 |    369 |   1203 |   5776 |  11 |  917.1 |
        Temple |     24 |     20 |      4 |      0 |     10 |   1 |   24.0 |
               +--------+--------+--------+--------+--------+-----+--------+

Top non-repeatable levels by time:
     D:9: 1495 daAuts
     D:8: 1312 daAuts
     D:5: 1121 daAuts
     D:3: 1081 daAuts
     D:6: 1065 daAuts
     D:2: 1038 daAuts
     D:1: 900 daAuts
     D:7: 867 daAuts
     D:4: 853 daAuts
    D:11: 319 daAuts
    D:12: 33 daAuts
  Temple: 24 daAuts
